 Dungeon Crawl Stone Soup version 0.31-a0-836-g3ceb0a68c4 (webtiles) character file.

Game seed: 4841989506346100729

710 Kurtz the Cleaver (level 7, -6/46 HPs)
             Began as an Octopode Fighter on Sept 26, 2023.
             Was an Initiate of Qazlal.
             Mangled by Duvessa
             ... wielding a +0 short sword
              (15 damage)
             ... on level 4 of the Dungeon.
             The game lasted 00:02:29 (2790 turns).

Kurtz the Cleaver (Octopode Fighter)                Turns: 2790, Time: 00:02:30

Health: -6/46      AC:  1    Str: 15    XL:     7   Next: 68%
Magic:  8/8        EV: 13    Int: 11    God:    Qazlal [......]
Gold:   200        SH:  4    Dex: 13    Spells: 6/6 levels left

rFire   . . .        k - +1 flail (drain)
rCold   . . .        b - +0 buckler
rNeg    . . .        (helmet restricted)
rPois   .            (no amulet)
rElec   .            l - ring of resist corrosion
rCorr   +            (no ring)
SInv    .            (no ring)
Will    .....        (no ring)
Stlth   ++           (no ring)
HPRegen 0.27/turn    (no ring)
MPRegen 0.11/turn    (no ring)
                     (no ring)

%: no passive effects
@: mighty
A: almost no armour, amphibious, 8 rings, camouflage 1, gelatinous body 1,
(nimble swimmer 1), tentacles
a: Renounce Religion


You were on level 4 of the Dungeon.
You worshipped Qazlal.
Qazlal was noncommittal.
You visited 2 branches of the dungeon, and saw 5 of its levels.

You collected 200 gold pieces.

Inventory:

Hand Weapons
 a - a +0 war axe
 k - a +1 flail of draining (weapon)
 u - a +0 whip of flaming
Missiles
 e - a throwing net
 j - 6 poisoned darts
Armour
 b - a +0 buckler (worn)
Jewellery
 l - a ring of resist corrosion (left tentacle)
 n - a ring of wizardry
 r - an amulet of reflection
Wands
 o - a wand of iceblast (6)
Scrolls
 d - 2 scrolls of teleportation {unknown}
 f - 4 scrolls of identify {unknown}
 g - 3 scrolls of enchant armour {unknown}
 h - a scroll of blinking {unknown}
 m - a scroll of immolation {unknown}
 p - a scroll of acquirement {unknown}
 s - a scroll of fog {unknown}
 t - a scroll of noise {unknown}
Potions
 c - a potion of might
 i - a potion of cancellation


   Skills:
 + Level 3.3 Fighting
 * Level 8.1 Axes
 - Level 3.0 Dodging
 - Level 3.0 Shields
 * Level 1.5 Invocations


You had 6 spell levels left.
You didn't know any spells.
Your spell library was empty.

Dungeon Overview and Level Annotations

Branches:
Dungeon (4/15)             Temple (1/1) D:4

Altars:
Cheibriados
Dithmenos
Elyvilon
Fedhas
Gozag
Hepliaklqana
Kikubaaqudgha
Okawaru
Qazlal
Ru
Trog
Vehumet
Zin
The Shining One

Shops:
D:3 [

Annotations:
D:4 Duvessa


Innate Abilities, Weirdness & Mutations

You cannot wear most types of armour.
You are amphibious.
You can wear up to eight rings at the same time.
Your skin changes colour to match your surroundings (Stealth+).
Your rubbery body absorbs attacks. (AC +1, EV +1)
((You are camouflaged when in or above water. (Stealth+)))
You have tentacles for arms and can constrict up to eight enemies at once.


Message History

You feel very sick.
The kobold throws a poisoned dart.
You block the poisoned dart.
Dowan, Brother of Duvessa comes into view.
He is wielding a +0 dagger.
You feel very sick.
Dowan shouts!
The kobold throws a poisoned dart.
The poisoned dart closely misses you.
Dowan mumbles some strange words.
Dowan blinks!
There are monsters nearby!
You feel very sick.
Found 15 gold pieces.
You feel sick. You block the kobold's attack.
You hit the kobold.
You kill the kobold!
Qazlal accepts your kill.
You feel sick.
Duvessa says, "My weaknesses are his strengths!"
You closely miss Duvessa. You grab Duvessa. You squeeze Duvessa.
Duvessa is lightly wounded.
You constrict Duvessa, but do no damage.
You feel sick. Duvessa hits you with a +0 short sword! Dowan misses you.
Duvessa hits you with a +0 short sword.
You are too injured to fight recklessly!
Unknown command.
You are too injured to fight recklessly!
You are too injured to fight recklessly!
You feel very mighty all of a sudden.
You constrict Duvessa.
You feel sick. Dowan hits you with a +0 dagger.
* * * LOW HITPOINT WARNING * * *
Duvessa closely misses you.
You feel better.
You constrict Duvessa. Dowan barely misses you.
Duvessa hits you with a +0 short sword!
* * * LOW HITPOINT WARNING * * *
Unknown command.
You bludgeon Dowan!! You drain Dowan.
You kill Dowan!
Qazlal accepts your kill.
Duvessa weeps, and shakes her weapon.
Duvessa goes berserk!
You constrict Duvessa. Duvessa hits you with a +0 short sword!
You die...

## .# # .###...
#################)......
................@e......
#################..##...
$.# #.# .# .# # #


You could see Duvessa (berserk).

Vanquished Creatures
  Pikel (D:4)
  Dowan (D:4)
  An orc priest (D:4)
  An iguana (D:3)
  3 orc wizards (D:4)
  Terence (D:2)
  3 adders
  2 worms (D:4)
  3 dart slugs (D:4)
  5 orcs (D:4)
  8 ball pythons
  4 bats
  3 endoplasms
  A giant cockroach (D:1)
  7 goblins
  6 hobgoblins
  3 jackals (D:2)
  2 quokkas
  4 frilled lizards
  5 kobolds
  8 rats
72 creatures vanquished.

Notes
Turn   | Place    | Note
-------+----------+-------------------------------------------
     0 | D:1      | Kurtz the Octopode Fighter began the quest for the Orb.
     0 | D:1      | Reached XP level 1. HP: 16/16 MP: 1/1
    85 | D:1      | Reached XP level 2. HP: 21/21 MP: 2/2
   145 | D:1      | Reached skill level 3 in Axes
   433 | D:1      | Reached XP level 3. HP: 22/26 MP: 3/3
   587 | D:2      | Found a faded altar of an unknown god.
   685 | D:2      | Noticed Terence
   693 | D:2      | Killed Terence
   694 | D:2      | Reached skill level 4 in Axes
   712 | D:2      | Reached XP level 4. HP: 25/31 MP: 4/4
  1870 | D:3      | Found Sathrudu's Armour Boutique.
  2000 | D:3      | Reached skill level 5 in Axes
  2000 | D:3      | Reached XP level 5. HP: 30/36 MP: 5/5
  2225 | D:4      | Found a shadowy altar of Dithmenos.
  2256 | D:4      | Reached skill level 6 in Axes
  2358 | D:4      | Reached XP level 6. HP: 30/42 MP: 6/6
  2527 | D:4      | Found a staircase to the Ecumenical Temple.
  2539 | Temple   | Entered the Ecumenical Temple
  2564 | Temple   | Became a worshipper of Qazlal Stormbringer
  2586 | D:4      | Noticed Pikel
  2596 | D:4      | Killed Pikel
  2597 | D:4      | Reached skill level 8 in Axes
  2597 | D:4      | Reached skill level 1 in Invocations
  2597 | D:4      | Reached XP level 7. HP: 19/46 MP: 6/8
  2782 | D:4      | Noticed Duvessa
  2783 | D:4      | Noticed Dowan
  2790 | D:4      | Killed Dowan
  2790 | D:4      | Mangled by Duvessa

Illustrated notes

Levels and vault maps discovered:
D:1:      minmay_arrival_five_plusses, layout_basic
D:2:      layout_rooms, hellmonk_ecumenical_altar_pennies_from_heaven,
          kennysheep_decorative_pillar, uniq_terence
D:3:      layout_basic, serial_shops, shop, dk_noncrumbling_3, corner_web_ring,
          nicolae_kite_square_tiling_tiny, lemuel_flame_loot_1
D:4:      layout_basic, nicolae_dithmenos_shadow_blocks,
          minmay_temple_entry_large_hall, ebering_ghost_sewer_d,
          kennysheep_minor_cross, cheibrodos_gnoll_hut, uniq_duvessa,
          uniq_pikel, uniq_natasha
Temple:   nicolae_temple_ecumenical_triangle

Skill      XL: |  1  2  3  4  5  6 |
---------------+-------------------+-----
Axes           | 3 4 5 6 8 |  8.1
Invocations    | 1 |  1.5
Fighting       | |  3.3
Dodging        | |  3.0
Shields        | |  3.0

Action                     |  1- 3 |  4- 6 |  7- 9 || total
---------------------------+-------+-------+-------++-------
  Melee: War axe           |    46 |    60 |       ||   106
         Constrict         |    10 |    18 |     1 ||    29
         Punch             |     1 |     1 |       ||     2
         Tentacles         |     7 |    15 |     2 ||    24
         Flail             |       |    13 |     7 ||    20
  Evoke: Wand              |       |     1 |       ||     1
    Use: Potion            |       |     5 |     2 ||     7
   Stab: Sleeping          |     8 |     6 |       ||    14
         Distracted        |     1 |       |       ||     1
 Armour: Skin              |    14 |    67 |     5 ||    86
  Dodge: Dodged            |    29 |    39 |     6 ||    74
  Block: Buckler           |     8 |    11 |     2 ||    21

Table legend: (Time is in decaauts)
 A = Elapsed time spent in this place.
 B = Non-inter-level travel time spent in this place.
 C = Inter-level travel time spent in this place.
 D = Time resting spent in this place.
 E = Time spent auto-exploring this place.
 F = Levels seen in this place.
 G = Mean time per level.
                   A        B        C        D        E       F      G
               +--------+--------+--------+--------+--------+-----+--------+
         Total |   2829 |   2716 |    113 |    435 |   1791 |   5 |  565.8 |
       Dungeon |   2794 |   2690 |    104 |    435 |   1783 |   4 |  698.5 |
        Temple |     34 |     25 |      9 |      0 |      8 |   1 |   34.0 |
               +--------+--------+--------+--------+--------+-----+--------+

Top non-repeatable levels by time:
     D:3: 1005 daAuts
     D:4: 660 daAuts
     D:1: 591 daAuts
     D:2: 536 daAuts
  Temple: 34 daAuts
